Map: Abiogenesis LE

Players

SALTKING - Winner!

  • Race: Protoss Protoss
  • League: Grandmaster
  • Spawn Location: 11:00

Leon

  • Race: Protoss Protoss
  • League: Gold
  • Spawn Location: 5:00

VOD

Have the link to the VOD?

Description

PvP with Stargate

Time

  • Played on: Feb. 16, 2018, 7:08 a.m.
  • Length: 17:23
Show
View Real Time Build Order
Export as new Build Order

SALTKING Protoss - Winner!

Build Orders:  

Get SALT Encoding   

  12  0:00  Probe  
  13  0:12  Probe  
  14  0:17  Pylon  
  14  0:25  Probe (Chrono Boost)  
  15  0:37  Probe (Chrono Boost)  
  15  0:39  Gateway  
  16  0:45  Probe (Chrono Boost)  
  16  0:46  Assimilator  
  17  0:51  Probe  
  18  0:58  Assimilator  
  18  1:03  Probe (Chrono Boost)  
  19  1:13  Probe (Chrono Boost)  
  19  1:14  Gateway  
  19  1:18  Probe (Chrono Boost)  
  21  1:30  Probe  
  22  1:38  Cybernetics Core  
  22  1:41  Pylon  
  22  1:42  Probe  
  23  1:59  Probe  
  24  2:11  Probe  
  24  2:13  Adept (Chrono Boost)  
  29  2:16  Warp Gate  
  29  2:22  Adept (Chrono Boost)  
  29  2:23  Stargate  
  29  2:24  Probe  
  30  2:32  Pylon  
  30  2:39  Probe  
  31  2:52  Stalker x2  
  35  3:09  Nexus  
  35  3:12  Pylon  
  33  3:50  Probe  
  33  3:51  Stalker x2  
  36  4:02  Probe  
  37  4:04  Shield Battery  
  37  4:05  Robotics Facility  
  37  4:14  Probe (Chrono Boost)  
  38  4:23  Forge  
  38  4:24  Twilight Council  
  38  4:25  Probe (Chrono Boost)  
  38  4:27  Probe (Chrono Boost)  
  40  4:34  Probe (Chrono Boost)  
  40  4:35  Probe (Chrono Boost)  
  40  4:36  Sentry x2  
  46  4:39  Probe (Chrono Boost)  
  46  4:43  Gateway  
  47  4:46  Gateway  
  47  4:47  Probe  
  47  4:50  Protoss Ground Weapons Level 1 (Chrono Boost)  
  47  4:51  Probe  
  47  4:52  Observer  
  50  4:59  Probe  
  51  5:00  Pylon  
  51  5:03  Probe  
  52  5:11  Assimilator, Probe  
  53  5:14  Templar Archives  
  53  5:15  Assimilator, Probe  
  54  5:23  Probe  
  54  5:25  Pylon  
  54  5:28  Probe  
  56  5:32  Charge  
  56  5:35  Probe  
  57  5:43  Nexus  
  57  5:51  Probe x2  
  57  5:55  Immortal (Chrono Boost)  
  63  6:03  Psionic Storm, Probe  
  64  6:06  Probe  
  65  6:15  Probe  
  65  6:17  Gateway  
  65  6:18  Gateway  
  66  6:22  Pylon  
  66  6:23  Probe  
  67  6:31  Warp Prism (Chrono Boost), Protoss Ground Weapons Level 2 (Chrono Boost)  
  67  6:36  Probe  
  67  6:37  Probe  
  70  6:40  High Templar  
  70  6:44  High Templar  
  74  6:48  Zealot x2  
  74  6:50  Probe (Chrono Boost)  
  74  6:53  Pylon  
  74  6:54  Probe (Chrono Boost)  
  80  6:55  Probe (Chrono Boost)  
  81  7:03  Immortal (Chrono Boost)  
  86  7:09  Probe (Chrono Boost)  
  86  7:10  Probe x2 (Chrono Boost)  
  88  7:16  Gateway  
  88  7:17  Gateway  
  88  7:20  Gateway  
  88  7:22  Shield Battery  
  88  7:23  Probe  
  88  7:25  Probe  
  88  7:26  Probe  
  91  7:32  Zealot x2  
  91  7:35  Probe  
  96  7:40  Immortal (Chrono Boost)  
  96  7:41  Probe x2  
  102  7:47  Pylon  
  102  7:48  Pylon  
  92  7:54  Assimilator  
  92  7:56  High Templar x2  
  92  7:57  High Templar  
  92  7:58  High Templar  
  100  7:59  Assimilator, Zealot  
  100  8:01  Zealot  
  104  8:15  Stargate  
  104  8:18  Zealot  
  104  8:19  Zealot x2  
  110  8:29  Protoss Air Weapons Level 1 (Chrono Boost)  
  110  8:35  Protoss Shields Level 1 (Chrono Boost)  
  110  8:37  Gateway  
  110  8:42  Nexus  
  110  8:46  Fleet Beacon, Assimilator  
  110  8:49  Zealot  
  110  8:50  Assimilator  
  110  8:51  Zealot  
  110  8:53  Pylon  
  110  8:55  Zealot  
  116  8:56  Zealot, Pylon  
  118  9:22  Photon Cannon  
  118  9:23  Photon Cannon  
  118  9:25  Photon Cannon  
  118  9:27  Photon Cannon  
  118  9:28  Photon Cannon, Graviton Catapult (Chrono Boost)  
  118  9:30  Shield Battery x2  
  118  9:34  Carrier (Chrono Boost)  
  130  9:49  Warp Prism (Chrono Boost)  
  130  9:50  Carrier (Chrono Boost)  
  132  10:07  Stargate  
  132  10:10  Stargate  
  132  10:12  Protoss Shields Level 2 (Chrono Boost)  
  132  10:13  Pylon  
  132  10:18  Pylon  
  132  10:21  Photon Cannon  
  132  10:22  Pylon  
  132  10:23  Photon Cannon  
  132  10:24  Pylon  
  132  10:25  Protoss Air Weapons Level 2 (Chrono Boost)  
  132  10:34  High Templar x2  
  132  10:35  High Templar  
  138  10:36  High Templar  
  138  10:38  Archon  
  138  10:40  Archon  
  140  10:55  Carrier (Chrono Boost), Pylon  
  152  11:07  Carrier (Chrono Boost)  
  152  11:09  Carrier (Chrono Boost)  
  164  11:32  Carrier (Chrono Boost), Pylon  
  164  11:53  Pylon  
  164  12:00  Pylon  
  164  12:03  Carrier (Chrono Boost)  
  170  12:12  Pylon  
  170  12:17  Carrier (Chrono Boost)  
  170  12:18  Observer (Chrono Boost)  
  170  12:21  Carrier (Chrono Boost)  
  183  12:34  Nexus  
  183  12:38  Assimilator  
  183  12:42  Protoss Shields Level 3 (Chrono Boost)  
  183  12:43  Assimilator  
  183  12:50  Protoss Air Weapons Level 3 (Chrono Boost)  
  189  12:57  Carrier (Chrono Boost)  
  189  13:10  Pylon  
  189  13:14  Pylon  
  189  13:21  Pylon  
  189  13:22  Carrier  
  195  14:01  Photon Cannon  
  195  14:03  Photon Cannon  
  195  14:04  Photon Cannon  
  195  14:06  Photon Cannon  
  195  14:08  Photon Cannon x2  
  191  14:10  Photon Cannon  
  191  14:11  Carrier  
  191  14:12  Photon Cannon  
  191  14:15  Shield Battery  
  197  14:17  Shield Battery  
  197  14:21  Zealot  
  169  15:43  Carrier (Chrono Boost)  
  169  15:44  Carrier x3 (Chrono Boost)  
  175  15:55  High Templar x3  
  191  16:31  High Templar  
  191  16:32  High Templar x3  
Show
View Real Time Build Order
Export as new Build Order

Leon Protoss 

Build Orders:  

Get SALT Encoding   

  12  0:01  Probe  
  13  0:13  Probe  
  14  0:18  Pylon  
  14  0:26  Probe  
  15  0:38  Probe (Chrono Boost)  
  15  0:40  Gateway  
  16  0:47  Assimilator  
  16  0:52  Probe (Chrono Boost)  
  17  1:00  Probe (Chrono Boost)  
  18  1:07  Assimilator  
  18  1:11  Probe (Chrono Boost)  
  19  1:22  Probe (Chrono Boost)  
  19  1:25  Gateway  
  20  1:30  Probe  
  21  1:42  Probe  
  22  1:52  Pylon  
  22  1:54  Probe  
  23  2:10  Probe  
  23  2:15  Cybernetics Core  
  24  2:22  Probe  
  25  2:44  Probe  
  25  2:49  Warp Gate (Chrono Boost)  
  25  2:56  Probe  
  26  3:00  Stalker (Chrono Boost)  
  30  3:06  Stalker (Chrono Boost)  
  30  3:17  Nexus  
  30  3:18  Pylon, Probe  
  30  3:30  Probe  
  23  3:55  Probe  
  22  4:07  Probe (Chrono Boost)  
  24  4:18  Probe (Chrono Boost)  
  24  4:23  Probe (Chrono Boost)  
  25  4:33  Probe  
  26  4:40  Twilight Council  
  26  4:44  Probe (Chrono Boost)  
  28  4:50  Probe (Chrono Boost)  
  28  4:55  Probe (Chrono Boost)  
  30  5:00  Probe x2 (Chrono Boost)  
  30  5:04  Stalker x2  
  35  5:09  Probe  
  35  5:10  Probe  
  35  5:13  Pylon  
  37  5:16  Charge  
  37  5:26  Robotics Facility  
  37  5:30  Pylon  
  37  5:31  Probe (Chrono Boost)  
  37  5:32  Probe (Chrono Boost)  
  39  5:40  Probe (Chrono Boost)  
  39  5:41  Probe (Chrono Boost)  
  41  5:43  Shield Battery  
  41  5:46  Shield Battery  
  41  5:50  Forge  
  41  5:51  Probe  
  41  5:52  Probe  
  43  5:57  Sentry x2  
  43  6:02  Shield Battery  
  43  6:03  Probe  
  43  6:04  Probe  
  49  6:14  Observer (Chrono Boost)  
  50  6:19  Probe x2  
  50  6:22  Assimilator  
  52  6:26  Assimilator  
  52  6:29  Observer (Chrono Boost)  
  52  6:31  Probe x2  
  55  6:43  Probe  
  55  6:44  Probe  
  57  6:49  Protoss Ground Weapons Level 1  
  57  6:57  Zealot  
  57  6:58  Zealot  
  57  6:59  Observer  
  61  7:07  Probe x2  
  63  7:19  Probe x2  
  63  7:20  Nexus  
  65  7:23  Pylon  
  65  7:26  Pylon  
  64  7:41  Stalker  
  64  7:42  Stalker  
  68  8:11  Probe x2  
  70  8:20  Nexus  
  70  8:21  Pylon x2  
  70  8:23  Pylon  
  70  8:24  Pylon x2  
  70  8:27  Pylon  
  70  8:34  Gateway  
  70  8:35  Pylon  
  70  8:36  Gateway  
  70  8:39  Probe x2  
  70  8:40  Pylon  
  70  8:41  Gateway  
  72  8:43  Gateway, Pylon  
  72  8:45  Pylon  
  72  8:46  Pylon  
  72  8:47  Pylon  
  72  8:49  Stalker  
  72  8:50  Stalker, Observer  
  72  8:51  Probe  
  72  8:55  Templar Archives  
  77  9:02  Probe  
  78  9:03  Probe  
  79  9:14  Probe  
  80  9:31  Immortal  
  84  9:35  High Templar x2  
  88  9:42  Gateway  
  88  9:43  Gateway, Psionic Storm  
  88  9:45  Gateway  
  88  9:48  Gateway  
  88  9:50  Gateway  
  88  9:52  Gateway  
  88  9:53  Assimilator  
  88  9:57  Assimilator, Shield Battery  
  88  9:58  Shield Battery, Protoss Ground Weapons Level 2  
  88  9:59  Blink  
  88  10:00  Archon  
  88  10:10  Immortal  
  92  10:20  Probe (Chrono Boost)  
  95  10:25  Probe x2 (Chrono Boost)  
  95  10:27  High Templar x2  
  99  10:29  High Templar x2  
  99  10:30  High Templar x2, Probe (Chrono Boost)  
  99  10:33  Probe x2 (Chrono Boost)  
  99  10:35  Probe (Chrono Boost)  
  111  10:44  Probe x2  
  111  10:46  Zealot  
  111  10:48  Zealot x2  
  111  10:49  Zealot x2  
  123  10:50  Observer  
  123  11:01  Archon  
  123  11:02  Archon x2, Nexus  
  123  11:05  Pylon  
  123  11:07  Pylon  
  123  11:10  Pylon  
  123  11:13  Pylon  
  123  11:15  Observer (Chrono Boost)  
  124  11:29  Immortal (Chrono Boost)  
  124  11:32  Probe x3  
  131  11:36  Shield Battery  
  131  11:37  Shield Battery  
  131  11:39  Photon Cannon  
  131  11:41  Photon Cannon  
  131  11:43  Photon Cannon  
  131  11:44  Probe x2  
  131  11:46  Photon Cannon  
  133  11:48  Assimilator  
  133  11:52  High Templar  
  133  11:53  High Templar  
  133  11:54  Zealot  
  139  11:55  Stalker, Assimilator, Sentry x2  
  139  11:56  Sentry  
  139  11:57  Sentry  
  139  11:58  High Templar x2  
  139  12:01  Sentry  
  155  12:02  Immortal (Chrono Boost)  
  155  12:06  Protoss Ground Weapons Level 3  
  159  12:26  Probe x2  
  159  12:27  Probe x2  
  159  12:29  Observer  
  163  12:35  Immortal  
  167  12:38  Probe  
  167  12:39  Probe x3  
  171  13:18  Immortal  
  174  13:58  Immortal  
  173  14:37  Observer  
  174  14:58  Observer  
  161  15:18  Stalker x3  
  161  15:19  Stalker x2  
  161  15:20  Stalker x2  
  161  15:21  Stalker, Zealot x2  
  177  15:22  Zealot x2  
  85  16:00  Stalker x3  
  85  16:01  Stalker x2  
  85  16:02  Stalker x3  
  53  16:30  Stalker  
  53  16:31  Stalker x4  
  53  16:32  Stalker x3  
  69  16:33  Stalker x2  
  69  16:34  Stalker  
  69  16:35  Stalker  
Tags
 
Add a new tag
Caveats
  • Supply blocks, unpowered buildings, or Contaminate may cause inaccurate times.
  • Supply counts are checked every 10 seconds.